TOP OF THE 1ST |
Athletic Club KC Reserves batting - Pitching for Hamilton Coyotes : RHP Francisco Díaz
|
Pitching: RHP Francisco Díaz
|
|
Batting: LHB Ty Tomblin
|
0-0: Foul Ball, location: 2F 0-1: Foul Ball, location: 2F 0-2: Ball 1-2: Foul Ball, location: 2F 1-2: Ball 2-2: SINGLE (Groundball, 6MD, EV 106.9 MPH)
|
Batting: RHB Andrés Medina
|
0-0: Fly out, F9 (Flyball, 9D, EV 90.0 MPH)
|
Batting: LHB Scott Janousek
|
0-0: Ball 1-0: Foul Ball, location: 2F 1-1: Ball Ty Tomblin steals 2nd base (no throw) 2-1: SINGLE (Groundball, 4D, EV 95.0 MPH) Ty Tomblin to third Runner from 3rd tries for Home, SAFE, throw by RF to home
|
Batting: LHB Jason Ward
|
0-0: Ball 1-0: Called Strike 1-1: Foul Ball, location: 2F 1-2: Ball 2-2: Ball 3-2: Foul Ball, location: 2F 3-2: Base on Balls Scott Janousek to second
|
Batting: LHB Kwang-chih Feng
|
0-0: Ball 1-0: Fly out, F7 (Line Drive, 7, EV 90.0 MPH)
|
Batting: RHB Travis Murphy
|
0-0: SINGLE (Groundball, 56D, EV 94.4 MPH) Scott Janousek to third Jason Ward to second Runner from 3rd tries for Home, SAFE, throw by LF to home
|
Batting: RHB Quinn Albracht
|
0-0: Ball 1-0: Foul Ball, location: 2F 1-1: Foul Ball, location: 2F 1-2: Foul Ball, location: 2F 1-2: Fly out, F4 (Popup, 34S, EV 71.9 MPH)
|
Top of the 1st over - 2 runs, 3 hits, 0 errors, 2 left on base; Athletic Club KC 2 - Hamilton 0 |
BOTTOM OF THE 1ST |
Hamilton Coyotes batting - Pitching for Athletic Club KC Reserves : LHP Owen Estrada
|
Pitching: LHP Owen Estrada
|
|
Batting: RHB Elia Amberezzio
|
0-0: Called Strike 0-1: Ball 1-1: SINGLE (Line Drive, 8RS, EV 102.5 MPH)
|
Batting: LHB Alan Shaw
|
0-0: Ball 1-0: Called Strike 1-1: Ball 2-1: SINGLE (Groundball, 4D, EV 97.5 MPH) Elia Amberezzio to second Runner from 2nd tries for 3rd, SAFE, no throw by CF
|
Batting: RHB Hou Kong
|
0-0: Ball 1-0: Grounds into double play, 5-4-3 (Groundball, 56, EV 106.2 MPH) Elia Amberezzio scores
|
Batting: RHB Alejandro Serrato
|
0-0: Ball 1-0: Ball 2-0: Called Strike 2-1: Ball 3-1: Fly out, F8 (Flyball, 8RD, EV 85.0 MPH)
|
Bottom of the 1st over - 1 run, 2 hits, 0 errors, 0 left on base; Athletic Club KC 2 - Hamilton 1 |
TOP OF THE 2ND |
Athletic Club KC Reserves batting - Pitching for Hamilton Coyotes : RHP Francisco Díaz
|
Batting: RHB Wilton Banks
|
0-0: Foul Ball, location: 2F 0-1: Reached via error on a dropped throw from SS, E3 (Groundball, 6, EV 99.4 MPH)
|
Batting: RHB Jimmy Chandler
|
0-0: Called Strike 0-1: Swinging Strike 0-2: Strikes out swinging
|
Batting: LHB Ty Tomblin
|
0-0: Ball 1-0: Ball Wild Pitch! Wilton Banks to second 2-0: Called Strike 2-1: Fly out, F4 (Popup, 34S, EV 85.6 MPH)
|
Batting: RHB Andrés Medina
|
0-0: Foul Ball, location: 2F 0-1: Fly out, F9 (Flyball, 9LD, EV 96.9 MPH)
|
Top of the 2nd over - 0 runs, 0 hits, 1 error, 1 left on base; Athletic Club KC 2 - Hamilton 1 |
BOTTOM OF THE 2ND |
Hamilton Coyotes batting - Pitching for Athletic Club KC Reserves : LHP Owen Estrada
|
Batting: RHB José Bumgarnor
|
0-0: Ground out 6-3 (Groundball, 6, EV 86.9 MPH)
|
Batting: RHB Júlio Robles
|
0-0: DOUBLE (Line Drive, 7LS, EV 105.0 MPH)
|
Batting: RHB Yang-joo Pak
|
0-0: Ball 1-0: Ground out 4-3 (Groundball, 4, EV 103.8 MPH) Júlio Robles to third
|
Batting: LHB Don McGhee
|
0-0: Ball 1-0: Called Strike 1-1: Ground out 1-3 (Groundball, 13, EV 69.4 MPH)
|
Bottom of the 2nd over - 0 runs, 1 hit, 0 errors, 1 left on base; Athletic Club KC 2 - Hamilton 1 |
TOP OF THE 3RD |
Athletic Club KC Reserves batting - Pitching for Hamilton Coyotes : RHP Francisco Díaz
|
Batting: LHB Scott Janousek
|
0-0: Ball 1-0: Ball 2-0: Foul Ball, location: 2F 2-1: Fly out, F8 (Flyball, 8RD, EV 72.5 MPH)
|
Batting: LHB Jason Ward
|
0-0: Ball 1-0: Called Strike 1-1: Called Strike 1-2: Fly out, F7 (Flyball, 78M, EV 81.9 MPH)
|
Batting: LHB Kwang-chih Feng
|
0-0: Foul Ball, location: 2F 0-1: Ball 1-1: Fly out, F9 (Flyball, 9, EV 95.0 MPH)
|
Top of the 3rd over - 0 runs, 0 hits, 0 errors, 0 left on base; Athletic Club KC 2 - Hamilton 1 |
BOTTOM OF THE 3RD |
Hamilton Coyotes batting - Pitching for Athletic Club KC Reserves : LHP Owen Estrada
|
Batting: LHB Kyoji Hakoda
|
0-0: Hit by Pitch
|
Batting: RHB Elia Amberezzio
|
0-0: Called Strike 0-1: Swinging Strike 0-2: Foul Ball, location: 2F 0-2: Foul Ball, location: 2F 0-2: DOUBLE (Flyball, 89D, EV 106.9 MPH) Kyoji Hakoda to third
|
Batting: LHB Alan Shaw
|
0-0: Called Strike 0-1: Foul Ball, location: 2F 0-2: Ball 1-2: Strikes out looking
|
Batting: RHB Hou Kong
|
0-0: Ball 1-0: Fly out, F8 (Flyball, 8RD, EV 107.5 MPH) Runner from 3rd tags up, SCORES, throw by CF
|
Batting: RHB Alejandro Serrato
|
0-0: Ball 1-0: Ball 2-0: Fly out, F7 (Flyball, 7LS, EV 88.1 MPH)
|
Bottom of the 3rd over - 1 run, 1 hit, 0 errors, 1 left on base; Athletic Club KC 2 - Hamilton 2 |
TOP OF THE 4TH |
Athletic Club KC Reserves batting - Pitching for Hamilton Coyotes : RHP Francisco Díaz
|
Batting: RHB Travis Murphy
|
0-0: Foul Ball, location: 2F 0-1: Foul Ball, location: 2F 0-2: Ground out U3 (Groundball, 3L, EV 97.5 MPH)
|
Batting: RHB Quinn Albracht
|
0-0: Called Strike 0-1: SINGLE (Groundball, 4MD, EV 100.6 MPH)
|
Batting: RHB Wilton Banks
|
0-0: Ball 1-0: Swinging Strike 1-1: Ball 2-1: Swinging Strike 2-2: Foul Ball, location: 2F 2-2: Strikes out swinging Quinn Albracht steals 2nd base Batter strikes out.
|
Batting: RHB Jimmy Chandler
|
0-0: Ball 1-0: Called Strike 1-1: Called Strike 1-2: Ground out 5-3 (Groundball, 56, EV 93.1 MPH)
|
Top of the 4th over - 0 runs, 1 hit, 0 errors, 1 left on base; Athletic Club KC 2 - Hamilton 2 |
BOTTOM OF THE 4TH |
Hamilton Coyotes batting - Pitching for Athletic Club KC Reserves : LHP Owen Estrada
|
Batting: RHB José Bumgarnor
|
0-0: Called Strike 0-1: Ball 1-1: Ball 2-1: Ball 3-1: Base on Balls
|
Batting: RHB Júlio Robles
|
0-0: Foul Ball, location: 2F 0-1: Called Strike 0-2: Ball 1-2: Ball 2-2: Fly out, F7 (Flyball, 7LM, EV 91.2 MPH)
|
Batting: RHB Yang-joo Pak
|
0-0: Foul Ball, location: 2F 0-1: Called Strike 0-2: Ball 1-2: Grounds into double play, 6-4-3 (Groundball, 6, EV 82.5 MPH)
|
Bottom of the 4th over - 0 runs, 0 hits, 0 errors, 0 left on base; Athletic Club KC 2 - Hamilton 2 |
TOP OF THE 5TH |
Athletic Club KC Reserves batting - Pitching for Hamilton Coyotes : RHP Francisco Díaz
|
Batting: LHB Ty Tomblin
|
0-0: Swinging Strike 0-1: Ball 1-1: Ball 2-1: Foul Ball, location: 2F 2-2: Ground out 4-3 (Groundball, 34D, EV 100.0 MPH)
|
Batting: RHB Andrés Medina
|
0-0: Ball 1-0: Ball 2-0: Ball 3-0: Swinging Strike 3-1: Swinging Strike 3-2: Ground out U3 (Groundball, 3S, EV 84.4 MPH)
|
Batting: LHB Scott Janousek
|
0-0: Swinging Strike 0-1: Ball 1-1: Ball 2-1: Fly out, F6 (Flyball, 6MD, EV 76.9 MPH)
|
Top of the 5th over - 0 runs, 0 hits, 0 errors, 0 left on base; Athletic Club KC 2 - Hamilton 2 |
BOTTOM OF THE 5TH |
Hamilton Coyotes batting - Pitching for Athletic Club KC Reserves : LHP Owen Estrada
|
Batting: LHB Don McGhee
|
0-0: Swinging Strike 0-1: Swinging Strike 0-2: Ball 1-2: Foul Ball, location: 2F 1-2: Hit by Pitch
|
Batting: LHB Kyoji Hakoda
|
0-0: Fly out, F9 (Flyball, 9LSF, EV 86.2 MPH)
|
Batting: RHB Elia Amberezzio
|
0-0: Called Strike 0-1: Called Strike 0-2: Fielders Choice at 2nd, 1-6 (Groundball, 34S, EV 85.0 MPH)
|
Batting: LHB Alan Shaw
|
0-0: Called Strike 0-1: Ball 1-1: Ball 2-1: Ball 3-1: 2-RUN HOME RUN (Flyball, 9D, EV 100.6 MPH), Distance : 343 ft
|
Batting: RHB Hou Kong
|
0-0: Ground out 6-3 (Groundball, 6, EV 80.6 MPH)
|
Bottom of the 5th over - 2 runs, 1 hit, 0 errors, 0 left on base; Athletic Club KC 2 - Hamilton 4 |
TOP OF THE 6TH |
Athletic Club KC Reserves batting - Pitching for Hamilton Coyotes : RHP Francisco Díaz
|
Batting: LHB Jason Ward
|
0-0: Called Strike 0-1: Ball 1-1: Foul Ball, location: 2F 1-2: Fly out, F9 (Flyball, 89S, EV 96.2 MPH)
|
Batting: LHB Kwang-chih Feng
|
0-0: Ground out 5-3 (Groundball, 56, EV 96.9 MPH)
|
Batting: RHB Travis Murphy
|
0-0: Ball 1-0: Swinging Strike 1-1: Foul Ball, location: 2F 1-2: Ground out 5-3 (Groundball, 5, EV 81.2 MPH)
|
Top of the 6th over - 0 runs, 0 hits, 0 errors, 0 left on base; Athletic Club KC 2 - Hamilton 4 |
BOTTOM OF THE 6TH |
Hamilton Coyotes batting - Pitching for Athletic Club KC Reserves : LHP Owen Estrada
|
Batting: RHB Alejandro Serrato
|
0-0: Ball 1-0: Ground out U3 (Groundball, 34, EV 98.8 MPH)
|
Batting: RHB José Bumgarnor
|
0-0: Called Strike 0-1: SINGLE (Groundball, 6MD, EV 102.5 MPH)
|
Batting: RHB Júlio Robles
|
0-0: Ball 1-0: Foul Ball, location: 2F 1-1: Called Strike 1-2: Ball 2-2: Foul Ball, location: 2F 2-2: Strikes out swinging
|
Batting: RHB Yang-joo Pak
|
0-0: Called Strike 0-1: Ball 1-1: Ball 2-1: SINGLE (Line Drive, 6D, EV 104.4 MPH) José Bumgarnor to second
|
Batting: LHB Don McGhee
|
0-0: Called Strike 0-1: SINGLE (Groundball, 56D, EV 101.2 MPH) José Bumgarnor to third Yang-joo Pak to second Throwing error, E7 José Bumgarnor scores Yang-joo Pak to third Don McGhee to second
|
Batting: LHB Kyoji Hakoda
|
0-0: Ball 1-0: Fly out, F7 (Flyball, 7, EV 90.6 MPH)
|
Bottom of the 6th over - 1 run, 3 hits, 1 error, 2 left on base; Athletic Club KC 2 - Hamilton 5 |
TOP OF THE 7TH |
Athletic Club KC Reserves batting - Pitching for Hamilton Coyotes : RHP Francisco Díaz
|
Batting: RHB Quinn Albracht
|
0-0: Ball 1-0: Ground out 6-3 (Groundball, 6, EV 85.0 MPH)
|
Batting: RHB Wilton Banks
|
0-0: Ball 1-0: Ground out 5-3 (Groundball, 56, EV 86.2 MPH)
|
Batting: RHB Jimmy Chandler
|
0-0: Called Strike 0-1: Ball 1-1: Ground out 1-3 (Groundball, 15S, EV 65.0 MPH)
|
Top of the 7th over - 0 runs, 0 hits, 0 errors, 0 left on base; Athletic Club KC 2 - Hamilton 5 |
BOTTOM OF THE 7TH |
Hamilton Coyotes batting - Pitching for Athletic Club KC Reserves : LHP Owen Estrada
|
Pitching: LHP Francisco González
|
|
Batting: RHB Elia Amberezzio
|
0-0: Swinging Strike 0-1: Ball 1-1: Foul Ball, location: 2F 1-2: Ball 2-2: SINGLE (Line Drive, 8RS, EV 103.1 MPH)
|
Batting: LHB Alan Shaw
|
0-0: Ball 1-0: Ball 2-0: Ball 3-0: Called Strike 3-1: Foul Ball, location: 2F 3-2: Foul Ball, location: 2F 3-2: Base on Balls Elia Amberezzio to second
|
Batting: RHB Hou Kong
|
0-0: Ball Elia Amberezzio steals 3rd base (no throw) Alan Shaw to second 1-0: Intentional Walk
|
Batting: RHB Alejandro Serrato
|
0-0: Called Strike 0-1: Foul Ball, location: 2F 0-2: Ball 1-2: Ball 2-2: Grounds into fielders choice 6-2 (Groundball, 6, EV 101.2 MPH) Alan Shaw to third Hou Kong to second
|
Batting: RHB José Bumgarnor
|
0-0: Called Strike 0-1: Fly out, F8 (Flyball, 8LS, EV 85.0 MPH)
|
Batting: RHB Júlio Robles
|
0-0: Ball 1-0: Called Strike 1-1: SINGLE (Line Drive, 3D, EV 97.5 MPH) Alan Shaw scores Hou Kong to third Alejandro Serrato to second
|
Batting: RHB Yang-joo Pak
|
0-0: Ball 1-0: Called Strike 1-1: Ground out 5-3 (Groundball, 56S, EV 86.2 MPH)
|
Bottom of the 7th over - 1 run, 2 hits, 0 errors, 3 left on base; Athletic Club KC 2 - Hamilton 6 |
TOP OF THE 8TH |
Athletic Club KC Reserves batting - Pitching for Hamilton Coyotes : RHP Francisco Díaz
|
Batting: LHB Ty Tomblin
|
0-0: Ground out 4-3 (Groundball, 4, EV 105.0 MPH)
|
Batting: RHB Andrés Medina
|
0-0: Ball 1-0: Ball 2-0: Foul Ball, location: 2F 2-1: Called Strike 2-2: DOUBLE (Line Drive, 9LM, EV 111.9 MPH)
|
Batting: LHB Scott Janousek
|
0-0: Swinging Strike 0-1: 2-RUN HOME RUN (Flyball, 9LD, EV 103.1 MPH), Distance : 331 ft
|
Batting: LHB Jason Ward
|
0-0: Foul Ball, location: 2F 0-1: Ball 1-1: Foul Ball, location: 2F 1-2: Fly out, F8 (Flyball, 89D, EV 87.5 MPH)
|
Batting: LHB Kwang-chih Feng
|
0-0: Ball 1-0: Ball 2-0: Ball 3-0: Called Strike 3-1: Called Strike 3-2: Fly out, F7 (Flyball, 7, EV 83.1 MPH)
|
Top of the 8th over - 2 runs, 2 hits, 0 errors, 0 left on base; Athletic Club KC 4 - Hamilton 6 |
BOTTOM OF THE 8TH |
Hamilton Coyotes batting - Pitching for Athletic Club KC Reserves : LHP Francisco González
|
Batting: LHB Don McGhee
|
0-0: Ball 1-0: Called Strike 1-1: Ball 2-1: Fly out, F8 (Flyball, 8LD, EV 106.9 MPH)
|
Batting: LHB Kyoji Hakoda
|
0-0: Called Strike 0-1: Called Strike 0-2: Ball 1-2: Ball 2-2: Strikes out looking
|
Batting: RHB Elia Amberezzio
|
0-0: Foul Ball, location: 2F 0-1: Foul Ball, location: 2F 0-2: Ball 1-2: Foul Ball, location: 2F 1-2: Ball 2-2: Foul Ball, location: 2F 2-2: SINGLE (Line Drive, 8RS, EV 95.0 MPH)
|
Batting: LHB Alan Shaw
|
0-0: Called Strike 0-1: Called Strike 0-2: Ball 1-2: Fly out, F8 (Flyball, 8RS, EV 98.8 MPH)
|
Bottom of the 8th over - 0 runs, 1 hit, 0 errors, 1 left on base; Athletic Club KC 4 - Hamilton 6 |
TOP OF THE 9TH |
Athletic Club KC Reserves batting - Pitching for Hamilton Coyotes : RHP Francisco Díaz
|
Pitching: RHP Hansky Paillant
|
|
Batting: RHB Travis Murphy
|
0-0: Ball 1-0: Called Strike 1-1: Ball 2-1: SINGLE (Flyball, 89S, EV 92.5 MPH)
|
Batting: RHB Quinn Albracht
|
0-0: Ball 1-0: Ball 2-0: Ball 3-0: Base on Balls Travis Murphy to second
|
Batting: RHB Wilton Banks
|
0-0: Ball 1-0: Foul Ball, location: 2F 1-1: Ball 2-1: Ball 3-1: Called Strike 3-2: Strikes out swinging
|
Pinch Hitting: LHB Onye Mahusay
|
0-0: Called Strike 0-1: Ball 1-1: SINGLE (Line Drive, 9LS, EV 98.1 MPH) Travis Murphy to third Quinn Albracht to second
|
Batting: LHB Ty Tomblin
|
0-0: Called Strike 0-1: Ball 1-1: Fly out, F3 (Popup, 3, EV 65.6 MPH)
|
Batting: RHB Andrés Medina
|
0-0: Called Strike 0-1: Called Strike 0-2: DOUBLE (Flyball, 78D, EV 90.6 MPH) Travis Murphy scores Quinn Albracht scores Onye Mahusay to third Runner from 3rd tries for Home, SAFE, no throw by CF
|
Batting: LHB Scott Janousek
|
0-0: Ball 1-0: Called Strike 1-1: Fly out, F9 (Flyball, 89S, EV 80.6 MPH)
|
Top of the 9th over - 3 runs, 3 hits, 0 errors, 1 left on base; Athletic Club KC 7 - Hamilton 6 |
BOTTOM OF THE 9TH |
Hamilton Coyotes batting - Pitching for Athletic Club KC Reserves : LHP Francisco González
|
Pitching: LHP Indigo Diaz
|
|
Now at 2B: Gabriel Camparán
|
|
Now at SS: Onye Mahusay
|
|
Now in RF: David Lozano
|
|
Batting: RHB Hou Kong
|
0-0: Ball 1-0: Ball 2-0: Ball 3-0: Called Strike 3-1: Fly out, F7 (Line Drive, 7, EV 104.4 MPH)
|
Batting: RHB Alejandro Serrato
|
0-0: Called Strike 0-1: Ball 1-1: SINGLE (Groundball, 6MD, EV 104.4 MPH)
|
Batting: RHB José Bumgarnor
|
0-0: Grounds into double play, 6-4-3 (Groundball, 6, EV 84.4 MPH)
|
Bottom of the 9th over - 0 runs, 1 hit, 0 errors, 0 left on base; Athletic Club KC 7 - Hamilton 6 |
|